[Event "Titled Tuesday Blitz November 22 Late 2022"]
[White "Papasimakopoulos, Alexandros"]
[Black "Melkumyan, Hrant"]
[WhiteFideId "4244125"]
[BlackFideId "13302485"]
[WhiteElo "2365"]
[BlackElo "2604"]
[Result "0-1"]
[Round "09"]
[TimeControl "180+1"]
[Date "2022.11.22"]
[WhiteClock "0:00:46"]
[BlackClock "0:01:24"]

1. d4 Nf6 2. c4 g6 3. Nc3 Bg7 4. Bg5 O-O 5. e3 c5 6. d5 e6 7. Nf3 exd5 8. cxd5 d6 9. Nd2 Na6 10. Be2 Nc7 11. e4 b5 12. Nxb5 Nxb5 13. Bxb5 Rb8 14. Bd3 h6 15. Bh4 Rxb2 16. O-O Re8 17. Nc4 Rb4 18. Qc2 Ba6 19. Rae1 Bxc4 20. Bxc4 g5 21. Bg3 Nh5 22. Rb1 Nxg3 23. hxg3 Bd4 24. a3 Rxb1 25. Rxb1 Qf6 26. Rf1 Kg7 27. Bb5 Re7 28. Bd3 Rb7 29. Qe2 Rb2 30. Qf3 Rb3 31. Rd1 Rxa3 32. Qe2 a5 33. Bb5 Rb3 34. Bd7 Rb2 35. Rd2 Qxf2+ 36. Qxf2 Rxd2 0-1


[Site "https://www.chess.com"]

[Event "Titled Tuesday Blitz November 22 Late 2022"]
[White "Paravyan, David"]
[Black "Robson, Ray"]
[WhiteFideId "4194985"]
[BlackFideId "2023970"]
[WhiteElo "2546"]
[BlackElo "2668"]
[Result "1-0"]
[Round "09"]
[TimeControl "180+1"]
[Date "2022.11.22"]
[WhiteClock "0:00:49"]
[BlackClock "0:01:08"]

1. e4 c5 2. Nf3 d6 3. d4 cxd4 4. Nxd4 Nf6 5. Nc3 a6 6. Bg5 e6 7. a3 Nbd7 8. Bc4 h6 9. Be3 Nc5 10. Qf3 b5 11. Ba2 Bb7 12. O-O-O Rc8 13. Rhe1 Ncxe4 14. Nxe4 Bxe4 15. Qh3 Be7 16. Bg5 1-0


[Site "https://www.chess.com"]

[Event "Titled Tuesday Blitz November 22 Late 2022"]
[White "Petrovic, Aleksa"]
[Black "Sabuk, Piotr"]
[WhiteFideId "967629"]
[BlackFideId "1137565"]
[WhiteElo "2224"]
[BlackElo "2326"]
[Result "0-1"]
[Round "09"]
[TimeControl "180+1"]
[Date "2022.11.23"]
[WhiteClock "0:00:05"]
[BlackClock "0:00:21"]

1. d4 Nf6 2. c4 e6 3. Nf3 b6 4. g3 Ba6 5. Qa4 Bb7 6. Bg2 c5 7. dxc5 bxc5 8. O-O Be7 9. Nc3 O-O 10. Rd1 d6 11. Bf4 Ne8 12. e4 Qb6 13. e5 dxe5 14. Nxe5 Bxg2 15. Kxg2 Nf6 16. Qb5 Rc8 17. Rd3 Nc6 18. Nxc6 Qxc6+ 19. Qxc6 Rxc6 20. Rad1 Kf8 21. b3 Ne8 22. Rd7 f6 23. Rb7 e5 24. Nd5 Bd8 25. Bc1 Bb6 26. Ne3 Nd6 27. Rd7 Nf7 28. Rb7 Rc7 29. Rxc7 Bxc7 30. Rd7 Bb6 31. Nd5 Rd8 32. Rxd8+ Nxd8 33. Be3 Nc6 34. Kf3 Kf7 35. g4 Ke6 36. h4 h5 37. gxh5 f5 38. h6 e4+ 39. Ke2 gxh6 40. Bxh6 Nd4+ 41. Ke3 Bd8 42. Nf4+ Ke5 43. Bg7+ Kd6 44. h5 Bg5 45. h6 Ne6 46. h7 Nxf4 47. h8=Q Ng6+ 48. Ke2 Nxh8 49. Bxh8 Ke6 50. Bc3 Bf6 51. Bd2 Be5 52. f3 Bd4 53. fxe4 fxe4 54. b4 cxb4 55. Bxb4 Ke5 56. Bd2 Kd6 57. Be3 Kc5 58. Bxd4+ Kxd4 59. c5 Kxc5 60. Ke3 Kd5 61. a4 a5 62. Kd2 Kd4 63. Ke2 Kc4 64. Ke3 Kb4 65. Kxe4 Kxa4 66. Kd3 Kb3 0-1


[Site "https://www.chess.com"]

[Event "Titled Tuesday Blitz November 22 Late 2022"]
[White "Przybylski, Wojciech"]
[Black "Lewtak, Damian"]
[WhiteFideId "1117599"]
[BlackFideId "1141724"]
[WhiteElo "2221"]
[BlackElo "2329"]
[Result "1-0"]
[Round "09"]
[TimeControl "180+1"]
[Date "2022.11.23"]
[WhiteClock "0:00:05"]
[BlackClock "0:00:08"]

1. e4 a6 2. d4 e6 3. Nf3 b6 4. Nc3 Bb7 5. a4 Ne7 6. Bd3 g6 7. O-O Bg7 8. Bg5 d6 9. Qd2 h6 10. Be3 Nd7 11. h3 g5 12. Rae1 e5 13. d5 Ng6 14. g3 Nf6 15. Qd1 Bc8 16. Kh2 Bd7 17. Ng1 Qc8 18. Be2 g4 19. h4 Rb8 20. b4 b5 21. a5 c6 22. dxc6 Qxc6 23. Nd5 Nxd5 24. exd5 Qc8 25. f3 h5 26. Bd3 O-O 27. Bg5 f5 28. fxg4 hxg4 29. h5 Nh8 30. Be7 Re8 31. Bxd6 Rb7 32. Qd2 Nf7 33. Bc5 e4 34. Be2 Qd8 35. Be3 Ne5 36. d6 Kh7 37. Bf4 Be6 38. h6 Bh8 39. Rd1 Rd7 40. Rf2 Qf6 41. Kg2 Qg6 42. Kf1 Nf3 43. Bxf3 gxf3 44. Nh3 Bf6 45. Bg5 Bc4+ 46. Kg1 Be5 47. Bf4 Rxd6 48. Ng5+ Qxg5 49. Bxg5 Rxd2 50. Rfxd2 Be6 51. Rd7+ Bxd7 52. Rxd7+ Kg6 53. Be3 Kh5 54. h7 Rh8 55. Rd5 Bf6 56. Rxf5+ Kg6 57. Rf4 Re8 58. Rxf6+ Kxh7 59. Bd4 Rd8 60. Rf7+ Kg6 61. Rf6+ Kg5 62. Be5 Rd1+ 63. Kf2 Rd2+ 64. Ke1 Re2+ 65. Kf1 Kg4 66. Rf4+ Kg5 67. Rf8 Kg4 68. Rf4+ Kg5 69. Rf7 Rxc2 70. Bf4+ Kg6 71. Re7 Kf5 72. Re5+ Kg4 73. Rxe4 Kh3 74. Re3 Kg4 75. Re4 f2 76. Re2 Rc4 77. Kxf2 Rxb4 78. Rd2 Ra4 79. Bc7 b4 80. Rd4+ Kf5 81. Rc4 Ra2+ 82. Kf3 b3 83. Rb4 b2 84. g4+ Ke6 85. Bf4 Kd5 86. Be3 Ke6 87. g5 Kf5 88. Rb6 Rxa5 89. Rxb2 Ra3 90. Rb6 a5 91. Rf6+ Ke5 92. Rf8 a4 93. g6 Ra1 94. g7 1-0


[Site "https://www.chess.com"]

[Event "Titled Tuesday Blitz November 22 Late 2022"]
[White "Remolar Gallen, Jose"]
[Black "Torres Dominguez, David"]
[WhiteFideId "2215187"]
[BlackFideId "2220857"]
[WhiteElo "2252"]
[BlackElo "2037"]
[Result "0-1"]
[Round "09"]
[TimeControl "180+1"]
[Date "2022.11.23"]
[WhiteClock "0:00:47"]
[BlackClock "0:00:31"]

1. e4 Nc6 2. d4 e5 3. d5 Nce7 4. c4 Ng6 5. Nc3 Bc5 6. Nf3 d6 7. Be2 a6 8. O-O N8e7 9. a3 O-O 10. b4 Ba7 11. Bg5 f6 12. Bd2 f5 13. Bg5 Qe8 14. exf5 Nxf5 15. Bd3 h6 16. Bc1 Nd4 17. Nd2 Nf4 18. Nde4 Qg6 19. Bxf4 Rxf4 20. c5 Bf5 21. f3 Bxe4 22. Nxe4 Qh5 23. g3 Rff8 24. f4 Qxd1 25. Raxd1 exf4 26. gxf4 dxc5 27. bxc5 Nf5 28. Bc4 Ne3 29. Rc1 Nxf1 30. Kxf1 Rxf4+ 31. Nf2 Raf8 32. d6+ Kh8 33. Rc2 cxd6 34. Kg2 Rxf2+ 35. Rxf2 Rxf2+ 36. Kxf2 Bxc5+ 37. Kf3 Bxa3 38. Bd5 b6 39. Ke2 Bc5 40. Kd3 g6 41. Be4 Kg7 42. Kc4 Kf6 43. Kd5 h5 44. Bd3 a5 45. Bb5 Kf5 46. Bd3+ Kf6 47. h3 g5 48. Ke4 a4 49. Bb5 a3 50. Kd3 a2 0-1


[Site "https://www.chess.com"]

[Event "Titled Tuesday Blitz November 22 Late 2022"]
[White "Reprintsev, Alexander"]
[Black "Papp, Levente"]
[WhiteFideId "14100541"]
[BlackFideId "751243"]
[WhiteElo "2230"]
[BlackElo "2380"]
[Result "0-1"]
[Round "09"]
[TimeControl "180+1"]
[Date "2022.11.23"]
[WhiteClock "0:00:03"]
[BlackClock "0:00:10"]

1. e4 e6 2. d4 d5 3. Nc3 Bb4 4. Ne2 Ne7 5. a3 Ba5 6. g3 O-O 7. Bg2 Nbc6 8. O-O Bxc3 9. bxc3 dxe4 10. Bxe4 e5 11. Bg2 Bg4 12. d5 Na5 13. h3 Bh5 14. g4 Bg6 15. f4 exf4 16. Nxf4 Qd6 17. Qd4 Bxc2 18. Ra2 Bb3 19. Raf2 Ng6 20. Nh5 Qe5 21. Qxe5 Nxe5 22. Bf4 Nd3 23. Bxc7 Nxf2 24. Bxa5 Nd3 25. Be4 Nc5 26. Bf3 Rfe8 27. Bb4 b6 28. Ng3 Rad8 29. Bxc5 bxc5 30. Ne4 Bxd5 31. Nxc5 Bxf3 32. Rxf3 Re5 33. Nd3 Ra5 34. Nf4 Rxa3 35. Kf2 h6 36. h4 Rd2+ 37. Kg3 Rc2 38. Nd5 f6 39. g5 hxg5 40. hxg5 Ra5 41. Ne7+ Kf7 42. gxf6 gxf6 43. Nf5 Rc5 44. Nd6+ Kg6 45. Ne4 Rc6 46. Re3 f5 0-1


[Site "https://www.chess.com"]

[Event "Titled Tuesday Blitz November 22 Late 2022"]
[White "Romero Ruscalleda, Josep"]
[Black "Tarnowska, Aleksandra"]
[WhiteFideId "2231859"]
[BlackFideId "1180967"]
[WhiteElo "2183"]
[BlackElo "1776"]
[Result "1-0"]
[Round "09"]
[TimeControl "180+1"]
[Date "2022.11.23"]
[WhiteClock "0:00:17"]
[BlackClock "0:00:05"]

1. e4 c5 2. c3 d5 3. exd5 Qxd5 4. d4 e6 5. Nf3 Nf6 6. Be3 cxd4 7. cxd4 a6 8. Nc3 Qd6 9. Bd3 Be7 10. O-O O-O 11. Qe2 Nc6 12. Rac1 b5 13. Rfd1 Bb7 14. a4 b4 15. Ne4 Nxe4 16. Bxe4 Na5 17. Bxb7 Nxb7 18. Ne5 Na5 19. Bf4 Qd5 20. Rc7 Bf6 21. Nd7 Rfc8 22. Qg4 Bxd4 23. Be5 Bxe5 24. Rxd5 Rxc7 25. Rd1 Bxb2 26. h4 Rac8 27. Qxb4 Bc3 28. Qb6 Nc4 29. Qxa6 Nb2 30. Rd6 Rd8 31. Nf6+ Bxf6 32. Rxd8+ Bxd8 33. Qa8 Rc1+ 34. Kh2 Rd1 35. a5 g6 36. a6 Kg7 37. a7 Bf6 38. Qb7 Be5+ 39. g3 Ra1 40. a8=Q Rxa8 41. Qxa8 Nd3 42. Kg2 Bf6 43. Qe4 Ne5 44. f4 Nd7 45. Kh3 Nc5 46. Qc4 Nd7 47. g4 Nf8 48. g5 Ba1 49. Kg4 Kg8 50. Qc8 Kg7 51. Qd8 Bb2 52. h5 gxh5+ 53. Kxh5 Ng6 54. Qd2 Ba3 55. Qc3+ Kg8 56. Qxa3 Nxf4+ 57. Kg4 Ng6 58. Qd6 Nf8 59. Qe7 Ng6 60. Qf6 Nf8 61. Kf4 Ng6+ 62. Ke4 Nh4 63. Ke5 Ng6+ 64. Kd6 Nf8 65. Ke7 Ng6+ 66. Ke8 Nh8 67. Qe7 Kg7 68. Qf8+ Kg6 69. Qxh8 Kxg5 70. Qxh7 f5 71. Ke7 e5 72. Ke6 f4 73. Qf5+ Kh4 74. Kxe5 Kg3 75. Qg5+ Kf3 76. Qxf4+ Kg2 77. Qe3 Kh1 78. Kf4 Kg2 79. Kg4 Kh1 80. Qe2 Kg1 81. Kg3 Kh1 82. Qf1# 1-0


[Site "https://www.chess.com"]

[Event "Titled Tuesday Blitz November 22 Late 2022"]
[White "Roque Sola, Jose Luis"]
[Black "Sariego Figueredo, Wilfredo"]
[WhiteFideId "5120390"]
[BlackFideId "3500080"]
[WhiteElo "2117"]
[BlackElo "2309"]
[Result "1-0"]
[Round "09"]
[TimeControl "180+1"]
[Date "2022.11.23"]
[WhiteClock "0:00:19"]
[BlackClock "0:00:42"]

1. c4 e5 2. Nc3 Bb4 3. Nd5 Bf8 4. g3 c6 5. Nc3 Bb4 6. Bg2 Nf6 7. Nf3 d6 8. O-O O-O 9. d3 Bxc3 10. bxc3 Bg4 11. Rb1 Qc7 12. h3 Bxf3 13. Bxf3 d5 14. cxd5 cxd5 15. Qb3 e4 16. Bg2 Nbd7 17. Bf4 Qc6 18. dxe4 dxe4 19. Bg5 Rac8 20. Qxb7 Qxc3 21. Rfc1 Qe5 22. Rxc8 Qxg5 23. Rxf8+ Nxf8 24. Qxa7 h6 25. a4 Ne6 26. a5 Qd5 27. a6 Qa2 28. Qb8+ Kh7 29. a7 Nc7 30. Rc1 Na8 31. Qxa8 Qxe2 32. Qb7 e3 33. Be4+ Nxe4 34. Qxe4+ g6 35. Qxe3 Qa6 36. Rc7 Qa1+ 37. Kg2 Qa2 38. Qf3 Kg7 39. a8=Q Qxa8 1-0


[Site "https://www.chess.com"]

[Event "Titled Tuesday Blitz November 22 Late 2022"]
[White "Rosen, Eric"]
[Black "Ghazarian, Kirk"]
[WhiteFideId "2032562"]
[BlackFideId "30908604"]
[WhiteElo "2362"]
[BlackElo "2346"]
[Result "1-0"]
[Round "09"]
[TimeControl "180+1"]
[Date "2022.11.22"]
[WhiteClock "0:00:11"]
[BlackClock "0:00:09"]

1. d4 Nf6 2. Bf4 g6 3. Nc3 d5 4. e3 Bg7 5. h4 h5 6. Nf3 Bg4 7. Qd2 O-O 8. Ne5 Be6 9. Be2 Nbd7 10. O-O c6 11. a4 a5 12. f3 Ne8 13. e4 Nd6 14. Bh6 Nxe5 15. dxe5 Nc4 16. Bxc4 dxc4 17. Qxd8 Rfxd8 18. Bxg7 Kxg7 19. Rfd1 Rxd1+ 20. Rxd1 Rb8 21. Kf2 b5 22. Ra1 b4 23. Ne2 Rd8 24. Ke3 c5 25. Nf4 Bc8 26. Nd5 e6 27. Nf6 Ba6 28. g4 hxg4 29. fxg4 b3 30. Rc1 bxc2 31. Rxc2 Rd3+ 32. Kf4 Rd1 33. h5 Rf1+ 34. Kg5 gxh5 35. Rh2 Rd1 36. Rxh5 Rd8 37. Rh2 Bb7 38. Rc2 Rd4 39. Rh2 Bxe4 40. Rh3 Bg6 41. Rc3 Bd3 42. Rc1 Rd8 43. Rh1 Bg6 44. Rc1 Rd4 45. Rg1 Kf8 46. Rc1 Ke7 47. Rh1 Rd2 48. Rh8 Rd8 49. Rxd8 Kxd8 50. Kf4 Bc2 51. Ke3 Bxa4 52. Kd2 Bc6 53. Kc3 Bd5 54. g5 Ke7 55. Ng4 Kf8 56. Kd2 Kg7 57. Ke3 Kg6 58. Kf4 a4 59. Ne3 c3 60. bxc3 a3 61. Nc2 Bb3 62. Nxa3 c4 63. Nb5 Kg7 64. Nd6 Kg6 65. Nb7 Kg7 66. Na5 Kg6 67. Nc6 Kg7 68. Ne7 Kf8 69. Nc8 Kg7 70. Nd6 Kf8 71. Ne4 Kg7 72. Nf6 Kf8 73. Ng4 Kg7 74. Ne3 Kf8 75. Ng2 Ke7 76. Nh4 Bc2 77. Nf3 Bd3 78. Nd4 Kd7 79. Ke3 Kc7 80. Nf3 Kc6 81. Kd4 Kd7 82. Nd2 Be2 83. Nxc4 Ke8 84. Nd6+ Kf8 85. c4 Kg7 86. c5 Kg6 87. c6 Kxg5 88. c7 Ba6 89. Kc5 f6 90. Kb6 1-0


[Site "https://www.chess.com"]

[Event "Titled Tuesday Blitz November 22 Late 2022"]
[White "Rubio Tent, Francisco"]
[Black "Desideri, Ricardo Maruchi"]
[WhiteFideId "2238233"]
[BlackFideId "2110440"]
[WhiteElo "2211"]
[BlackElo "1945"]
[Result "1-0"]
[Round "09"]
[TimeControl "180+1"]
[Date "2022.11.23"]
[WhiteClock "0:00:32"]
[BlackClock "0:00:11"]

1. e4 c5 2. Nf3 d6 3. d4 cxd4 4. Nxd4 Nf6 5. Nc3 a6 6. f4 Qc7 7. Bd3 Nbd7 8. a4 b6 9. Be3 e6 10. O-O Bb7 11. Qf3 Be7 12. Rae1 O-O 13. Kh1 Rac8 14. Qh3 Nc5 15. e5 dxe5 16. fxe5 Qxe5 17. Bg1 Qh5 18. Qxh5 Nxh5 19. Be2 Nf6 20. Bf3 Bxf3 21. Rxf3 Rfd8 22. Nf5 exf5 23. Rxe7 Re8 24. Rxe8+ Rxe8 25. a5 Nce4 26. axb6 Nxc3 27. Rxc3 Ne4 28. Rc6 g6 29. b7 Kg7 30. Rc8 1-0


[Site "https://www.chess.com"]

[Event "Titled Tuesday Blitz November 22 Late 2022"]
[White "Sabar, Ethmane Daouda"]
[Black "Storey, Charles H"]
[WhiteFideId "19600097"]
[BlackFideId "406686"]
[WhiteElo "1950"]
[BlackElo "2252"]
[Result "0-1"]
[Round "09"]
[TimeControl "180+1"]
[Date "2022.11.23"]
[WhiteClock "0:01:17"]
[BlackClock "0:01:45"]

1. b3 g6 2. Bb2 Nf6 3. Bxf6 exf6 4. c4 d5 5. cxd5 Qxd5 6. Nc3 Qa5 7. g3 Ba3 8. Qc2 Nc6 9. e3 O-O 10. d4 Bf5 11. Qd2 Nb4 12. e4 Rfe8 13. Bd3 Bb2 14. Rd1 Nxd3+ 15. Qxd3 Bxe4 0-1


[Site "https://www.chess.com"]

[Event "Titled Tuesday Blitz November 22 Late 2022"]
[White "Sadhwani, Raunak"]
[Black "Gadimbayli, Abdulla"]
[WhiteFideId "35093487"]
[BlackFideId "13404938"]
[WhiteElo "2656"]
[BlackElo "2399"]
[Result "1-0"]
[Round "09"]
[TimeControl "180+1"]
[Date "2022.11.22"]
[WhiteClock "0:00:05"]
[BlackClock "0:00:02"]

1. c4 Nf6 2. Nc3 e5 3. Nf3 Nc6 4. g3 Nd4 5. Bg2 Nxf3+ 6. Bxf3 Bb4 7. Nd5 Nxd5 8. Bxd5 O-O 9. O-O a5 10. Bg2 Bc5 11. d3 d6 12. Bd2 c6 13. Qc2 Bf5 14. Bc3 Qb6 15. e3 Rfe8 16. Qd2 Bb4 17. Rac1 Rad8 18. a3 Bxc3 19. Rxc3 Bg6 20. Rfc1 h6 21. h4 f6 22. Kh2 Kh8 23. b4 d5 24. cxd5 cxd5 25. Rc7 axb4 26. axb4 Rd6 27. R1c5 Red8 28. d4 Be4 29. f3 Bg6 30. Qc3 Re8 31. Rc8 exd4 32. Rxe8+ Bxe8 33. Qxd4 Qd8 34. Qc3 Bd7 35. f4 Be6 36. Qd4 Qd7 37. Rc2 Bf5 38. Rd2 Be6 39. e4 Qd8 40. exd5 Bf7 41. Qc5 b6 42. Qd4 Qd7 43. Rc2 Qd8 44. Rd2 Qd7 45. Be4 Qd8 46. Kg2 Qd7 47. Bf3 Kg8 48. Kf2 Kf8 49. Rc2 Bxd5 50. Rd2 Qh3 51. Bxd5 Qh2+ 52. Kf3 Qh1+ 53. Ke3 Qe1+ 54. Kd3 Qxg3+ 55. Kc2 Qa3 56. Qc3 Qa8 57. Bxa8 1-0


[Site "https://www.chess.com"]

[Event "Titled Tuesday Blitz November 22 Late 2022"]
[White "Sanchez, Robert"]
[Black "Ibadov, Dashgyn"]
[WhiteFideId "2034360"]
[BlackFideId "24107514"]
[WhiteElo "2314"]
[BlackElo "2208"]
[Result "0-1"]
[Round "09"]
[TimeControl "180+1"]
[Date "2022.11.23"]
[WhiteClock "0:01:58"]
[BlackClock "0:00:48"]

1. e4 e5 2. Nf3 Nc6 3. Bb5 a6 4. Ba4 Nf6 5. d3 b5 6. Bb3 Bc5 7. Nc3 d6 8. Bg5 h6 9. Bh4 g5 10. Nxg5 hxg5 11. Bxg5 Bg4 12. f3 Be6 13. Nd5 Bxd5 14. Bxd5 Kd7 15. f4 Qg8 16. Bxf6 Qxg2 17. Rf1 Rxh2 18. Bh4 Rxh4 19. Qe2 Qg3+ 20. Kd1 Rh2 0-1


[Site "https://www.chess.com"]

[Event "Titled Tuesday Blitz November 22 Late 2022"]
[White "Sargsyan, Anna M."]
[Black "Toniutti, Ezio"]
[WhiteFideId "13308130"]
[BlackFideId "113034"]
[WhiteElo "2284"]
[BlackElo "2215"]
[Result "0-1"]
[Round "09"]
[TimeControl "180+1"]
[Date "2022.11.23"]
[WhiteClock "0:01:20"]
[BlackClock "0:01:25"]

1. d4 d5 2. c4 c6 3. Nf3 Nf6 4. Nc3 a6 5. cxd5 cxd5 6. Bf4 Nc6 7. e3 Bg4 8. h3 Bxf3 9. Qxf3 e6 10. Bd3 Bd6 11. Bg5 h6 12. O-O hxg5 13. Rfd1 Ke7 14. Rac1 Rc8 15. e4 Nxd4 16. Qe3 e5 17. Qxg5 Kf8 18. exd5 g6 19. f4 Rh5 20. Qg3 exf4 21. Qf2 Nf5 22. Ne2 Kg7 23. Nxf4 Bxf4 24. Rxc8 Qxc8 25. Qxf4 Qc5+ 26. Kh1 Qd6 27. Qf3 Ng3+ 28. Kg1 Rxd5 29. a3 Nf5 0-1


[Site "https://www.chess.com"]

[Event "Titled Tuesday Blitz November 22 Late 2022"]
[White "Shapiro, Daniel"]
[Black "Toncheva, Nadya"]
[WhiteFideId "2001780"]
[BlackFideId "2924056"]
[WhiteElo "2314"]
[BlackElo "2101"]
[Result "0-1"]
[Round "09"]
[TimeControl "180+1"]
[Date "2022.11.23"]
[WhiteClock "0:00:10"]
[BlackClock "0:00:20"]

1. d4 d5 2. c4 dxc4 3. e4 e5 4. Nf3 Bb4+ 5. Bd2 Bxd2+ 6. Qxd2 exd4 7. Qxd4 Nf6 8. Qxd8+ Kxd8 9. Nc3 Be6 10. Ng5 Ke7 11. Nxe6 fxe6 12. Bxc4 Nbd7 13. Be2 a6 14. O-O b5 15. a3 c5 16. f4 Nb6 17. Bf3 Rad8 18. Rac1 Rd2 19. Rf2 Rxf2 20. Kxf2 Rd8 21. Rc2 Nc4 22. Ne2 Rd2 23. Rxd2 Nxd2 24. e5 Nd5 25. Nc3 Nxc3 26. bxc3 Nb1 27. Bb7 a5 28. Ke3 Nxc3 29. Kd3 Nd5 30. Bxd5 exd5 31. f5 b4 32. axb4 axb4 33. g4 b3 34. Kc3 c4 35. g5 d4+ 36. Kxd4 b2 37. Kd5 b1=Q 38. f6+ gxf6 39. gxf6+ Kf7 0-1


[Site "https://www.chess.com"]

[Event "Titled Tuesday Blitz November 22 Late 2022"]
[White "Shimanov, Aleksandr"]
[Black "Gareyev, Timur"]
[WhiteFideId "4198603"]
[BlackFideId "14200937"]
[WhiteElo "2605"]
[BlackElo "2552"]
[Result "1/2-1/2"]
[Round "09"]
[TimeControl "180+1"]
[Date "2022.11.22"]
[WhiteClock "0:00:04"]
[BlackClock "0:00:05"]

1. e4 g6 2. d4 d6 3. c4 Bg7 4. Ne2 Nf6 5. Nbc3 Nc6 6. f3 a6 7. Be3 Rb8 8. Rc1 O-O 9. Qd2 Bd7 10. b3 b5 11. d5 Ne5 12. c5 b4 13. Nd1 c6 14. dxc6 Bxc6 15. Nd4 Bxe4 16. fxe4 Nxe4 17. Qc2 Nxc5 18. Be2 Rc8 19. O-O Ncd3 20. Qxc8 Qxc8 21. Rxc8 Rxc8 22. Nf2 Rc3 23. Bd2 Rc5 24. Nxd3 Nxd3 25. Bxd3 Bxd4+ 26. Kh1 a5 27. g3 Bc3 28. Be3 Re5 29. Rf3 d5 30. Kg2 d4 31. Bf4 Rc5 32. Bc4 e6 33. Bh6 Rc6 34. g4 a4 35. h4 a3 36. h5 Rxc4 37. bxc4 b3 38. axb3 a2 39. Rf1 f5 40. hxg6 hxg6 41. gxf5 gxf5 42. Kf3 Kf7 43. Bf4 Kf6 44. c5 e5 45. c6 e4+ 46. Kg3 Ke6 47. c7 Kd7 48. Rd1 a1=Q 49. Rxa1 Bxa1 50. Kh4 e3 51. Kg3 Bc3 52. Kf3 Ba5 53. Be5 Bb6 54. Ke2 f4 55. Bxf4 Bxc7 56. Bxe3 dxe3 57. Kxe3 Bd6 58. b4 Kc6 59. b5+ Kxb5 1/2-1/2


[Site "https://www.chess.com"]

[Event "Titled Tuesday Blitz November 22 Late 2022"]
[White "Simonovic, Miroslav"]
[Black "Polster, Christian"]
[WhiteFideId "919152"]
[BlackFideId "12965081"]
[WhiteElo "2043"]
[BlackElo "2209"]
[Result "1-0"]
[Round "09"]
[TimeControl "180+1"]
[Date "2022.11.23"]
[WhiteClock "0:01:32"]
[BlackClock "0:00:02"]

1. d4 d5 2. Bg5 Nf6 3. Bxf6 exf6 4. e3 c6 5. a3 Bd6 6. c4 dxc4 7. Bxc4 O-O 8. Nc3 Qe7 9. Nge2 Nd7 10. b4 Nb6 11. Bd3 f5 12. g3 Be6 13. O-O g6 14. Na4 Bd5 15. Nc5 Bc4 16. Rc1 Bxd3 17. Qxd3 a5 18. b5 Rac8 19. Rc2 Rfd8 20. Rfc1 Bxc5 21. Rxc5 cxb5 22. Qxb5 Rxc5 23. Rxc5 Nd7 24. Qxb7 Qe6 25. Rc8 1-0


[Site "https://www.chess.com"]

[Event "Titled Tuesday Blitz November 22 Late 2022"]
[White "Stanisz, Patryk"]
[Black "Arbunic Castro, Giovanna"]
[WhiteFideId "1123106"]
[BlackFideId "3400549"]
[WhiteElo "2069"]
[BlackElo "1995"]
[Result "1-0"]
[Round "09"]
[TimeControl "180+1"]
[Date "2022.11.23"]
[WhiteClock "0:00:04"]
[BlackClock "0:00:02"]

1. d4 Nf6 2. c4 g6 3. Nc3 Bg7 4. e4 d6 5. Bd3 O-O 6. Nge2 Nbd7 7. O-O e5 8. d5 Nc5 9. Bc2 a5 10. Ng3 h5 11. Bg5 Qe8 12. Qd2 Nh7 13. Be3 h4 14. Nh1 f5 15. f4 exf4 16. Bxf4 fxe4 17. Rae1 Bf5 18. Nf2 Bxc3 19. Qxc3 Rf7 20. b3 Re7 21. Be3 b6 22. a3 g5 23. Nd1 Qg6 24. Bc1 Rf8 25. Ne3 Nd3 26. Bxd3 exd3 27. Bb2 Re5 28. Qd2 Re4 29. Qxd3 Rf4 30. Nxf5 R4xf5 31. Rxf5 Rxf5 32. Qd4 Nf6 33. Re6 Re5 34. h3 Qb1+ 35. Kh2 Qc2 36. Rxe5 dxe5 37. Qxe5 Qg6 38. Qxf6 Qxf6 39. Bxf6 Kf7 40. Bxg5 a4 41. bxa4 1-0


[Site "https://www.chess.com"]

[Event "Titled Tuesday Blitz November 22 Late 2022"]
[White "Steinberg, Nitzan"]
[Black "Deac, Bogdan-Daniel"]
[WhiteFideId "2801795"]
[BlackFideId "1226380"]
[WhiteElo "2491"]
[BlackElo "2648"]
[Result "0-1"]
[Round "09"]
[TimeControl "180+1"]
[Date "2022.11.22"]
[WhiteClock "0:00:03"]
[BlackClock "0:00:06"]

1. e4 c6 2. Nf3 d5 3. Nc3 Bg4 4. h3 Bxf3 5. Qxf3 e6 6. d4 dxe4 7. Qxe4 Nf6 8. Qd3 Na6 9. a3 Be7 10. Be2 Qb6 11. O-O Rd8 12. Be3 Qc7 13. Ne4 Qd7 14. c3 Nc7 15. Rad1 Ncd5 16. Bc1 b5 17. Ng5 O-O 18. g3 a6 19. h4 Qc7 20. Qc2 c5 21. dxc5 Bxc5 22. Kg2 h6 23. Ne4 Bb6 24. Bf3 Nxe4 25. Bxe4 Nf6 26. Bf3 e5 27. Rxd8 Rxd8 28. Rd1 Re8 29. Be4 Qc4 30. f3 Qc5 31. Qe2 Qc7 32. Bc2 Qc6 33. Be4 Qe6 34. g4 Nxe4 35. Qxe4 Qb3 36. Rd7 Qe6 37. Rd5 Bc7 38. Be3 Bd6 39. h5 Bf8 40. Kf2 Qf6 41. Kg2 Qe6 42. Bf2 Bd6 43. Bg3 Bc7 44. Bf2 Bd6 45. Qd3 Bf8 46. Qe4 Qf6 47. Bg3 Bd6 48. Qf5 Qe7 49. Qd3 Bc7 50. Rd7 Qc5 51. Qd5 Qxd5 52. Rxd5 Re7 53. Kf2 f6 54. Ke2 e4 55. Bxc7 exf3+ 56. Kxf3 Rxc7 57. Rd6 a5 58. Rb6 Rc5 59. Ke3 a4 60. Kd4 Rg5 61. Kd3 Kf8 62. Rb7 Ke8 63. Ke3 Kd8 64. Kf4 Kc8 65. Ra7 Kd8 66. Rb7 Ke8 67. Rc7 Kf8 68. c4 bxc4 69. Rxc4 Ra5 70. Rb4 Kf7 71. Rb7+ Kg8 72. Ke4 Rg5 73. Kf3 f5 74. gxf5 Rxf5+ 75. Kg4 Rg5+ 76. Kh4 Rg2 77. Rb4 Rc2 78. Kg4 Kh7 79. Kf3 Rh2 80. Ke3 Rxh5 81. Rxa4 Rh3+ 82. Kd2 Rh2+ 83. Kc3 g5 84. b4 Rh3+ 85. Kd4 g4 86. Ke4 Rb3 87. Kf4 g3 88. Ra7+ Kg6 89. Ra6+ Kh5 90. Ra5+ Kh4 91. Ra6 h5 92. Rg6 Kh3 93. b5 h4 94. b6 Rxa3 95. b7 Rb3 96. Rg7 g2 97. Ke5 Rxb7 98. Rxb7 g1=Q 99. Rb3+ Qg3+ 0-1


[Site "https://www.chess.com"]

[Event "Titled Tuesday Blitz November 22 Late 2022"]
[White "Tanenbaum, Zachary"]
[Black "Annaberdiyev, Babageldi"]
[WhiteFideId "2060850"]
[BlackFideId "14000385"]
[WhiteElo "2175"]
[BlackElo "2332"]
[Result "0-1"]
[Round "09"]
[TimeControl "180+1"]
[Date "2022.11.22"]
[WhiteClock "0:00:03"]
[BlackClock "0:00:31"]

1. e4 e6 2. d4 d5 3. Nc3 Nf6 4. Bg5 Be7 5. e5 Nfd7 6. h4 h6 7. Bxe7 Qxe7 8. Qg4 O-O 9. Nf3 f5 10. Qg6 a6 11. O-O-O c5 12. dxc5 Nxc5 13. Be2 Bd7 14. Ng5 Qxg5+ 15. hxg5 Be8 16. Qxe8 Rxe8 17. gxh6 Nc6 18. f4 g6 19. g4 fxg4 20. Rdg1 Kh7 21. Rxg4 Rac8 22. Kb1 b5 23. a3 Nd4 24. Bd3 Nxd3 25. cxd3 Rf8 26. Rh2 Rc7 27. Ne2 Nf5 28. Ng3 Ne3 29. Rgh4 Rfc8 30. Rh1 Rc2 31. Re1 Ng2 32. Rg4 Nxe1 33. Ka2 Nxd3 34. Ka1 Rxb2 35. Ne2 Rxe2 36. Rg1 Rcc2 0-1


[Site "https://www.chess.com"]

[Event "Titled Tuesday Blitz November 22 Late 2022"]
[White "Terry, Renato"]
[Black "Kollars, Dmitrij"]
[WhiteFideId "3803457"]
[BlackFideId "12909572"]
[WhiteElo "2577"]
[BlackElo "2584"]
[Result "1/2-1/2"]
[Round "09"]
[TimeControl "180+1"]
[Date "2022.11.22"]
[WhiteClock "0:01:04"]
[BlackClock "0:00:46"]

1. d4 Nf6 2. Nf3 d5 3. c4 e6 4. e3 b6 5. Bd3 Bb7 6. b3 Bd6 7. O-O O-O 8. Bb2 Nbd7 9. Nbd2 Ne4 10. Qe2 Ndf6 11. Rfd1 Qe7 12. Ne5 c5 13. dxc5 Nxc5 14. Bc2 Rfd8 15. cxd5 exd5 16. Ndf3 Nfe4 17. Qe1 Rac8 18. Rac1 a5 19. Nd3 Ne6 20. Bb1 h5 21. Rxc8 Rxc8 22. Rc1 Rc7 23. Be5 Bxe5 24. Ndxe5 Rc5 25. Nd3 Rc7 26. Nde5 Rc5 27. Nd3 Rc7 28. Nde5 1/2-1/2


[Site "https://www.chess.com"]